 Dungeon Crawl Stone Soup version 0.28-a0-612-gcfc00ec14d (webtiles) character file.

Game seed: 4661737011913617852

424 zero the Conjurer (level 6, -4/46 HPs)
             Began as a Gargoyle Conjurer on Oct 5, 2021.
             Slain by a scorpion (7 damage)
             ... on level 4 of the Dungeon.
             The game lasted 00:05:16 (5440 turns).

zero the Conjurer (Gargoyle Conjurer)               Turns: 5440, Time: 00:05:17

Health: -4/46      AC: 23    Str:  9 (11) XL:     6   Next: 96%
Magic:  12/12      EV:  2    Int: 17 (20) God:
Gold:   166        SH:  4    Dex:  7 (8)  Spells: 6/13 levels left

rFire   . . .      SeeInvis .   d - +4 dagger (freeze)
rCold   . . .      Faith    .   s - +1 buckler
rNeg    + . .      Spirit   .   (armour currently unavailable)
rPois   ∞          Reflect  .   (helmet currently unavailable)
rElec   .          Harm     .   (cloak currently unavailable)
rCorr   .          Rampage  .   (gloves currently unavailable)
Will    .....      NoTele   +   (boots currently unavailable)
Stlth   ++........              (no amulet)
HPRegen 0.15/turn               f - ring of wizardry
MPRegen 0.13/turn               (no ring)

@: brilliant, tree-form
A: stationary, stasis, torment immunity, boosted hp, sickness immunity, AC +4,
negative energy resistance 1, (electricity resistance), torment resistance 1,
petrification resistance, (antennae 1), (big wings), frail 1
a: no special abilities


You were on level 4 of the Dungeon.
You were a tree.
You visited 1 branch of the dungeon, and saw 4 of its levels.

You collected 166 gold pieces.

Inventory:

Hand Weapons
 d - a +4 dagger of freezing (weapon)
 m - a +2 dagger of venom
Missiles
 n - a silver boomerang
Armour
 a - a +0 robe (melded)
 o - a +0 pair of gloves (melded)
 s - a +1 buckler (worn)
 u - a +0 helmet (melded)
Jewellery
 f - a ring of wizardry (left branch)
Wands
 q - a wand of flame (16)
Scrolls
 b - 2 scrolls of amnesia
 e - a scroll of identify
 g - a scroll of summoning
 i - a scroll of fog
Potions
 j - a potion of mutation


   Skills:
 + Level 2.0 Fighting
 - Level 2.0 Short Blades
 + Level 0.1 Armour
 - Level 1.5 Dodging
 + Level 3.0 Stealth
 + Level 1.2 Shields
 * Level 4.0 Spellcasting
 + Level 5.0 Conjurations
 + Level 2.7 Translocations
 + Level 0.1 Evocations


You had 6 spell levels left.
You knew the following spells:

 Your Spells              Type           Power      Damage    Failure   Level
a - Magic Dart            Conj           100%       1d8       1%          1
b - Searing Ray           Conj           60%        2d6       1%          2
c - Iskenderun's Mystic   Conj/Tloc      24%        2d7       17%         4

Your spell library contained the following spells:

 Spells                   Type           Power      Damage    Failure   Level
 Dazzling Flash           Conj/Hex       34%        N/A       10%         3
 Corpse Rot               Necr/Air       N/A        N/A       13%         2
 Poisonous Vapours        Pois/Air       10%        N/A       13%         2
 Fulminant Prism          Conj/Hex       8%         3d7       30%         4


Dungeon Overview and Level Annotations

Branches:
Dungeon (4/15)             Temple (0/1) D:4

Altars:
Trog


Innate Abilities, Weirdness & Mutations

You are a tree.
Your roots penetrate the ground, keeping you stationary.
You cannot be teleported.
You are immune to unholy pain and torment.
Your maximum health is greatly increased.
Your equipment is partially melded.
You are immune to sickness and miasma.
((Your stone body is resilient. (AC +4)))
You are immune to poison.
You resist negative energy. (rN+)
((You are resistant to electric shocks. (rElec)))
You are resistant to unholy torment.
You are immune to petrification.
((You have a pair of small antennae on your head.))
((Your large and strong wings let you fly.))
You are frail. (-10% HP)


Message History

You are frozen.
The scorpion stings you but does no damage.
You hit the iguana but do no damage.
The iguana is moderately wounded.
Your hearing returns.
The adder skeleton bites you but does no damage.
The iguana bites you but does no damage.
You block the adder's attack.
The endoplasm hits you but does no damage.
The scorpion stings you.
You hit the iguana.
The iguana seems to slow down.
You freeze the iguana.
The iguana is almost dead.
The adder bites you but does no damage.
The adder skeleton bites you but does no damage.
The scorpion stings you but does no damage.
The iguana bites you!
* * * LOW HITPOINT WARNING * * *
The endoplasm hits you but does no damage.
You block the adder's attack.
The adder skeleton bites you but does no damage.
You hit the iguana.
The iguana seems to slow down.
You freeze the iguana.
The iguana is almost dead.
The scorpion stings you but does no damage.
The endoplasm freezes you.
You are frozen.
* * * LOW HITPOINT WARNING * * *
The adder completely misses you. The iguana bites you.
* * * LOW HITPOINT WARNING * * *
You block the adder skeleton's attack.
Okay, then.
As you read the scroll labelled ICSEMAMIRA, it crumbles to dust.
It is a scroll of enchant armour.
Your +0 buckler glows green for a moment.
The scorpion stings you but does no damage.
The adder bites you but does no damage. The endoplasm hits you.
* * * LOW HITPOINT WARNING * * *
The adder skeleton bites you but does no damage.
The iguana bites you but does no damage.
The scorpion stings you!
You die...

..........#.>#...hZ..w.....#***+*
#######...#..#..J..........#,,,,,
##...##.###..####'########.#,,,,,
#.....#......###...## ###..#,,,,,
.............##...§.###....#,,,,,
#.....#......#!..§..(##....#,,,,,
##..)##......#.wh....#..)..#*,,,,
#######......#/Ssl..!#....##*,,,,
.............##J♣Z.$##....# *,,,,
####.##......###$.!###..### *,,,,
#.........# #######.######,,,,
####....######......#....#,,,,
#####....#....#......#....#,,,,
#....##'##....#......#....#,,,,
#....#..'.....#......#....#,,,,
#....#..#[....#......'....#,,,,
#....#..##...##......###..#,,,,


You could see a black bear, a worm, a scorpion, an iguana (slow), an adder, an
endoplasm and an adder skeleton.

Vanquished Creatures
  2 orc priests (D:4)
  A bullfrog skeleton (D:4)
  A centaur skeleton (D:2)
  Jessica (D:3)
  Ijyb (D:3)
  An orc wizard (D:4)
  A howler monkey skeleton (D:4)
  4 adders
  10 gnolls (D:3)
  A worm (D:3)
  2 dart slugs (D:1)
  11 orcs
  7 ball pythons
  8 endoplasms
  6 giant cockroaches
  4 goblins
  3 hobgoblins
  4 quokkas
  6 bats
  A frilled lizard (D:2)
  6 kobolds
  6 rats
87 creatures vanquished.

Notes
Turn   | Place    | Note
-------+----------+-------------------------------------------
     0 | D:1      | zero the Gargoyle Conjurer began the quest for the Orb.
     0 | D:1      | Reached XP level 1. HP: 10/10 MP: 3/3
   127 | D:1      | Reached XP level 2. HP: 12/16 MP: 0/5
   130 | D:1      | Learned a level 2 spell: Searing Ray
   674 | D:1      | Reached skill level 1 in Fighting
   999 | D:1      | Reached XP level 3. HP: 20/20 MP: 3/6
  1359 | D:2      | Reached skill level 1 in Short Blades
  1359 | D:2      | Reached XP level 4. HP: 13/25 MP: 1/7
  1364 | D:2      | Learned a level 4 spell: Iskenderun's Mystic Blast
  2588 | D:3      | Reached skill level 5 in Conjurations
  2591 | D:3      | Reached skill level 1 in Translocations
  2591 | D:3      | Reached XP level 5. HP: 30/30 MP: 1/9
  3368 | D:3      | Found a bloodstained altar of Trog.
  3619 | D:3      | Noticed Ijyb
  3650 | D:3      | Killed Ijyb
  3913 | D:3      | Noticed Jessica
  3919 | D:3      | Killed Jessica
  3920 | D:3      | Reached XP level 6. HP: 35/35 MP: 6/11
  5116 | D:4      | Reached skill level 1 in Shields
  5393 | D:4      | Noticed a black bear
  5424 | D:4      | Gained mutation: You have a pair of small antennae on your
                  | head. [potion of mutation]
  5424 | D:4      | Gained mutation: You are frail. (-10% HP) [potion of
                  | mutation]
  5424 | D:4      | Gained mutation: Your large and strong wings let you fly.
                  | [potion of mutation]
  5440 | D:4      | Slain by a scorpion

Illustrated notes

Levels and vault maps discovered:
D:1:      heliophobic_arrival_battle_scene, layout_loops_ring,
          minmay_misc_feat_tiny
D:2:      layout_basic
D:3:      cheibrodos_old_hovel, layout_loops_ring,
          mainiacjoe_overflow_boulevard, uniq_ijyb, uniq_jessica
D:4:      minmay_opposing_rooms, layout_gridville,
          mainiacjoe_overflow_surrounded_room, grunt_temple_overflow_open,
          minmay_temple_entry_trees, minmay_misc_feat_enclosed, uniq_menkaure

Skill      XL: |  1  2  3  4  5  6 |
---------------+-------------------+-----
Fighting       | 1 2 |  2.0
Short Blades   | 1 2 |  2.0
Stealth        | 3 |  3.0
Conjurations   | 5 |  5.0
Translocations | 1 2 |  2.7
Spellcasting   | 3 4 |  4.0
Shields        | 1 |  1.2
Armour         | |  0.1
Dodging        | |  1.5
Evocations     | |  0.1

Action                   |  1- 3 |  4- 6 || total
-------------------------+-------+-------++-------
Melee: Dagger            |    24 |    57 ||    81
 Cast: Magic Dart        |    47 |    69 ||   116
       Searing Ray       |     1 |    22 ||    23
  Use: Scroll            |       |     6 ||     6
       Potion            |       |     6 ||     6
Armor: Robe              |    11 |    49 ||    60
       Skin              |       |    55 ||    55
Dodge: Dodged            |    25 |    62 ||    87
Block: Buckler           |       |     7 ||     7

Table legend: (Time is in decaauts)
 A = Elapsed time spent in this place.
 B = Non-inter-level travel time spent in this place.
 C = Inter-level travel time spent in this place.
 D = Time resting spent in this place.
 E = Time spent auto-exploring this place.
 F = Levels seen in this place.
 G = Mean time per level.
                   A        B        C        D        E       F      G
               +--------+--------+--------+--------+--------+-----+--------+
         Total |   5435 |   5277 |    158 |   1206 |   3384 |   4 | 1358.8 |
       Dungeon |   5435 |   5277 |    158 |   1206 |   3384 |   4 | 1358.8 |
               +--------+--------+--------+--------+--------+-----+--------+

Top non-repeatable levels by time:
     D:3: 1945 daAuts
     D:2: 1415 daAuts
     D:1: 1309 daAuts
     D:4: 764 daAuts
